 Dungeon Crawl Stone Soup version 0.29.1-2-gbd0b4ee654 (webtiles) character file.

Game seed: 6194103694347455999

228534 Lutefisk the Earth Mage (level 21, -8/156 HPs)
             Began as a Meteoran Earth Elementalist on Oct 30, 2022.
             Was the Champion of Hepliaklqana.
             Killed from afar by a quicksilver dragon (41 damage)
             ... with a bolt of dispelling energy
             ... on level 2 of the Depths.
             The game lasted 03:10:16 (12870 turns).

Lutefisk the Earth Mage (MeEE)                     Turns: 12870, Time: 03:10:17

Health: -8/156     AC: 30    Str: 11    XL:     21   Next: 4%
Magic:  4/42       EV: 15    Int: 25    God:    Hepliaklqana [******]
Gold:   1826       SH: 10    Dex: 19    Spells: 4/52 levels left

rFire   + . .      SeeInvis .   g - staff of air
rCold   + + +      Faith    .   U - +2 buckler
rNeg    + + .      Spirit   .   J - +2 pearl dragon scales
rPois   +          Reflect  .   v - +0 helmet
rElec   +          Harm     .   s - scarf {rC+ rF+}
rCorr   .          Rampage  .   c - +2 pair of gloves
Will    ++...                   F - +5 pair of boots "Jullumm" {rC+ rN+ Int-5}
Stlth   +.........              e - amulet "Dajaem" {RegenMP rC+ Stlth+}
HPRegen 0.36/turn               i - +6 ring of intelligence
MPRegen 0.68/turn               P - ring of poison resistance

@: glowing, studying 2 skills
A: reduced essence, sense surroundings 3, otherworldly, glowing, explore regen
}: 1/15 runes: decaying
a: Renounce Religion, Recall Ancestor, Ancestor Identity, Transference, Idealise


You were on level 2 of the Depths.
You worshipped Hepliaklqana.
Hepliaklqana was exalted by your worship.
You visited 9 branches of the dungeon, and saw 36 of its levels.
You visited 1 bazaar.
You also visited: Gauntlet and Ice Cave.

You collected 3416 gold pieces.
You spent 1590 gold pieces at shops.

Inventory:

Hand Weapons
 k - a +4 demon whip of electrocution
 m - the +4 dagger "Morg" {pain, Will+ Int+5}
   (You found it on level 2 of the Dungeon)

   In the hands of one skilled in necromantic magic, it inflicts extra damage on
   living creatures.
   Int:       It affects your intelligence (+5).
   Will:      It increases your willpower.
 M - the +6 spear of the Burning Saviour {vorpal, *Rage rPois rCorr Int+7}
   (You found it on level 3 of the Elven Halls)

   It inflicts extra damage upon your enemies.
   Int:       It affects your intelligence (+7).
   rPois:     It protects you from poison.
   *Rage:     It berserks you when you make melee attacks (+20% chance).
   rCorr:     It protects you from acid and corrosion.
Armour
 c - a +2 pair of gloves (worn)
 s - a scarf of resistance (worn)
 v - a +0 helmet (worn)
 F - the +5 pair of boots "Jullumm" (worn) {rC+ rN+ Int-5}
   (You acquired it on level 2 of the Orcish Mines)

   Int:       It affects your intelligence (-5).
   rC:        It protects you from cold.
   rN:        It protects you from negative energy.
 J - +2 pearl dragon scales (worn)
 U - a +2 buckler (worn)
Magical Staves
 g - a staff of air (weapon)
 E - a staff of earth
Jewellery
 d - the ring "Rekaome" {Wiz Str+4}
   (You found it on level 3 of the Elven Halls)

   [ring of wizardry]

   It improves your spell success rate.
   Str:       It affects your strength (+4).
 e - the amulet "Dajaem" (around neck) {RegenMP rC+ Stlth+}
   (You took it off a deep elf death mage on level 3 of the Elven Halls)

   [amulet of magic regeneration]

   It increases your rate of magic regeneration.
   rC:        It protects you from cold.
   Stlth:     It makes you more stealthy.
 i - a +6 ring of intelligence (left hand)
 t - a ring of positive energy
 y - a +4 ring of slaying
 I - the ring "Niok" {rC+ Str+3}
   (You found it in a Gauntlet)

   [ring of protection from cold]

   Str:       It affects your strength (+3).
   rC:        It protects you from cold.
 P - a ring of poison resistance (right hand)
Wands
 h - a wand of charming (17)
 L - a wand of polymorph (15)
 R - a wand of flame (17)
 T - a wand of roots (19)
 V - a wand of digging (4)
 X - a wand of acid (2)
Scrolls
 f - 5 scrolls of enchant weapon
 j - 2 scrolls of butterflies
 l - 3 scrolls of torment
 n - 4 scrolls of vulnerability
 w - 7 scrolls of immolation
 z - a scroll of teleportation
 C - 3 scrolls of amnesia
 D - 3 scrolls of poison
 G - 3 scrolls of magic mapping
 H - a scroll of enchant armour {unknown}
 W - 3 scrolls of brand weapon
 Y - a scroll of summoning {unknown}
 Z - 3 scrolls of blinking
Potions
 b - 3 potions of magic
 o - 3 potions of might
 p - 8 potions of lignification
 q - 3 potions of brilliance
 r - 2 potions of berserk rage
 u - a potion of haste
 x - 3 potions of resistance
 A - 4 potions of attraction
 B - 7 potions of curing
 K - a potion of ambrosia {unknown}
 O - 3 potions of mutation
 Q - 4 potions of degeneration {unknown}
 S - 3 potions of flight {unknown}
Miscellaneous
 a - a box of beasts


   Skills:
 - Level 12.0 Fighting
 - Level 15.0 Armour
 - Level 15.0 Dodging
 - Level 1.4 Stealth
 - Level 15.0 Shields
 - Level 16.0 Spellcasting
 - Level 10.0 Conjurations
 - Level 4.0 Summonings
 - Level 2.0 Transmutations
 - Level 7.0 Fire Magic
 - Level 4.0 Air Magic
 * Level 20.0 Earth Magic
 - Level 10.0 Invocations
 - Level 6.0 Evocations


You had 4 spell levels left.
You knew the following spells:

 Your Spells              Type           Power      Damage    Failure   Level
a - Sandblast             Erth           100%       2d20      0%          1
b - Passwall              Tmut/Erth      55%        N/A       1%          2
c - Stone Arrow           Conj/Erth      100%       3d13      1%          3
d - Summon Lightning Spi  Summ/Air       56%        N/A       26%         4
e - Lee's Rapid Deconstr  Erth           44%        3d22*     1%          5
f - Petrify               Tmut/Erth      66%        N/A       1%          4
g - Flame Wave            Conj/Fire      58%        2d14      4%          4
h - Mephitic Cloud        Conj/Pois/Air  60%        N/A       6%          3
i - Lehudib's Crystal Sp  Conj/Erth      38%        10d9      88%         8
j - Shatter               Erth           44%        3d34*     98%         9
k - Iskenderun's Battles  Conj           63%        2d11      6%          5

Your spell library contained the following spells:

 Spells                   Type           Power      Damage    Failure   Level
 Foxfire                  Conj/Fire      100%       2x1d9     1%          1
 Magic Dart               Conj           100%       1d8       1%          1
 Scorch                   Fire           100%       2d10      1%          2
 Animate Armour           Summ/Erth      100%       N/A       1%          4
 Leda's Liquefaction      Hex/Erth       31%        N/A       2%          4
 Call Imp                 Summ           40%        N/A       3%          2
 Dazzling Flash           Conj/Hex       90%        N/A       4%          3
 Inner Flame              Hex/Fire       37%        N/A       10%         3
 Apportation              Tloc           40%        N/A       13%         1
 Necrotise                Necr           80%        1d8       13%         1
 Slow                     Hex            80%        N/A       13%         1
 Fulminant Prism          Conj/Hex       22%        3d13      17%         4
 Hailstorm                Conj/Ice       45%        3d10      17%         4
 Iskenderun's Mystic Bla  Conj/Tloc      45%        2d10      17%         4
 Sublimation of Blood     Necr           20%        N/A       21%         2
 Confusing Touch          Hex            20%        N/A       36%         3
 Gell's Gravitas          Tloc           20%        N/A       36%         3
 Teleport Other           Tloc           20%        N/A       36%         3
 Tukima's Dance           Hex            20%        N/A       36%         3
 Vampiric Draining        Necr           20%        2d7       36%         3
 Corpse Rot               Necr/Pois/Air  39%        N/A       61%         4
 Anguish                  Hex/Necr       10%        N/A       78%         4
 Cause Fear               Hex            10%        N/A       78%         4
 Passage of Golubria      Tloc           20%        N/A       78%         4
 Iron Shot                Conj/Erth      38%        9d8       4%          6
 Fireball                 Conj/Fire      29%        3d13      11%         5
 Statue Form              Tmut/Erth      44%        N/A       22%         6
 Irradiate                Conj/Tmut      25%        3d20      30%         5
 Starburst                Conj/Fire      29%        6d9       52%         6
 Blade Hands              Tmut           15%        N/A       85%         5
 Silence                  Hex/Air        22%        N/A       85%         5
 Alistair's Intoxication  Tmut/Pois      16%        N/A       94%         5
 Yara's Violent Unravell  Hex/Tmut       12%        3d7       94%         5
 Agony                    Necr           20%        N/A       98%         5
 Summon Cactus Giant      Summ           20%        N/A       98%         6
 Spellforged Servitor     Conj/Summ      26%        N/A       99%         7
 Dispersal                Tloc           10%        N/A       100%        6
 Storm Form               Tmut/Air       25%        N/A       100%        7
 Discord                  Hex            10%        N/A       100%        8
 Ignition                 Fire           26%        3d9       100%        8
 Maxwell's Capacitive Co  Air            28%        ∞         100%        8


Dungeon Overview and Level Annotations

Branches:
Dungeon (15/15) Zot: 3136  Temple (1/1) D:4 Zot: 593    Lair (5/5) D:11 Zot: 753
  Swamp (4/4) Lair:2 Zot: 853  Spider (2/4) Lair:2 Zot: 879   Slime (0/5) Lair:4
    Orc (2/2) D:10 Zot: 452     Elf (3/3) Orc:2 Zot: 642  Vaults (2/5) D:13 Zot: 918
 Depths (2/4) D:15 Zot: 768   IceCv (visited)         Gauntlet (visited)
  Crypt: Vaults:2-3

Altars:
Ashenzari
Cheibriados
Dithmenos
Elyvilon
Fedhas
Gozag
Hepliaklqana
Kikubaaqudgha
Makhleb
Nemelex Xobeh
Okawaru
Ru
Uskayaw
Vehumet
Wu Jian
Xom
Yredelemnul
Zin
The Shining One
Jiyva
Lugonu

Shops:
D:9 [   Orc:1 [:   Orc:2 (?=*(   Elf:3 ==*=

Portals:
Hell: Depths:2
Abyss: Lair:1
Pandemonium: Orc:2 Depths:2
Ziggurat: Depths:1

Annotations:
Lair:1 exclusion: 4 oklob plants
Swamp:1 2 transporters, Anandil's ghost, journeyman DrMo
Orc:1 3 transporters


Innate Abilities, Weirdness & Mutations

Your life essence is reduced to manifest your ancestor. (-10% HP)
You passively map a large area around you.
You are easily found by Zot.
You glow in the dark.
You regain HP and MP as you explore.


Message History

The fire dragon scales are intact enough to wear.
Your Earth Magic skill increases to level 20!
Henutmehyt gestures at the shadow dragon while chanting.
The stone arrow hits the shadow dragon!
Henutmehyt casts a spell at the shadow dragon.
The stone arrow hits the shadow dragon!!
A quicksilver dragon comes into view.
The shadow dragon bites Henutmehyt.
The shadow dragon closely misses Henutmehyt.
The shadow dragon completely misses Henutmehyt.
The deep elf master archer hits Henutmehyt.
Henutmehyt casts a spell at the deep elf master archer.
The bolt of magma misses the deep elf master archer.
Henutmehyt is recalled.
You swap places.
Casting: Lee's Rapid Deconstruction (safe; 1% risk of failure)
Confirm with . or Enter, or press ? or * to list all spells.
Aiming: Petrify (mildly dangerous; 1% risk of failure)
Press: ? - help, Shift-Dir - straight line, f - quicksilver dragon
Aim: a quicksilver dragon (chance to affect: 1%)
Okay, then.
Unknown command.
You fail to use your ability.
Hepliaklqana grants Henutmehyt healing and protection!
Henutmehyt is fully restored!
Henutmehyt is no longer moving quickly.
The quicksilver dragon bites Henutmehyt!
The quicksilver dragon claws Henutmehyt but does no damage.
The quicksilver dragon breathes dispelling energy at you.
The bolt of dispelling energy hits Henutmehyt!
The bolt of dispelling energy hits you!
* * * LOW HITPOINT WARNING * * *
Unknown command.
The quicksilver dragon bites Henutmehyt but does no damage.
The quicksilver dragon claws Henutmehyt but does no damage.
Henutmehyt casts a spell at the quicksilver dragon.
The stone arrow hits the quicksilver dragon!!!
The quicksilver dragon breathes dispelling energy at Henutmehyt.
The bolt of dispelling energy hits Henutmehyt!
The bolt of dispelling energy hits you!!!
You die...

, , , , * , ,##..#
#... ,, * , , ##...#
#### , ,, ##....# #
#... ., , , ##)##..#
.. .....# * *
##[.....# ..# .....,
*. ##.#.....# ...#..#.
, .. ##.......##
....#..###.#
*,##........#
...[Ce..(.# ,
##@........#
....DD#p..#,
##.#.......##
.....[†##
##.........##
#...)†..##
##R#......###
##.......###D.#).....#
###......#e........##
#......D......####
###############


You could see the friendly Henutmehyt the battlemage (idealised), a shadow
dragon (distracted), a quicksilver dragon (distracted, catching breath, ally
target) and a deep elf master archer.

Vanquished Creatures
  the Lernaean hydra (Swamp:4)
  A deep elf blademaster (Elf:3)
  2 deep elf master archers (Elf:3)
  A fenstrider witch (Swamp:4)
  Roxanne (Elf:2)
  A fire giant (D:13)
  A deep elf sorcerer (Elf:3)
  A ghost moth (Spider:2)
  A frost giant (Depths:1)
  The ghost of Lutefisk the Geomancer, a journeyman MeEE of Hepliaklqana (Swamp:2)
  4 deep elf elementalists (Elf:3)
  A broodmother (Spider:1)
  A ghoul (Swamp:4)
  5 very ugly things
  A stone giant (Depths:1)
  8 deep elf annihilators
  A deep elf demonologist (Elf:3)
  2 eleionomae (Swamp:2)
  2 spark wasps
  2 bunyips (Swamp:3)
  4 deep elf death magi
  An ettin (Depths:1)
  A shambling mangrove (Swamp:3)
  A yaktaur captain (Vaults:1)
  A deep elf high priest (Elf:3)
  17 hydras
  An ironbound frostheart (Vaults:1)
  Erolcha (D:13)
  Harold (Orc:1)
  A caustic shrike simulacrum (IceCv)
  A spriggan air mage (Depths:2)
  3 centaur warriors
  A demonspawn (Orc:1)
  2 deep troll shamans (Depths:1)
  2 tengu warriors
  6 two-headed ogres
  6 alligators
  6 dancing weapons
  A death yak (Lair:5)
  2 deep troll earth magi (Depths:1)
  2 vampire magi (Depths:2)
  5 orc high priests
  A spriggan berserker (Depths:2)
  3 spriggans
  A sun moth (Spider:1)
  4 deep elf knights
  2 skeletal warriors (D:14)
  A goliath frog (Swamp:2)
  A spriggan druid (Swamp:3)
  2 pharaoh ants
  2 swamp dragons (Swamp:4)
  A glowing orange brain (D:15)
  2 deep trolls (Depths:1)
  A death drake (Swamp:4)
  2 deep elf archers
  2 orange crystal statues (IceCv)
  8 deep elf pyromancers
  2 wizards
  17 ugly things
  3 necromancers
  11 deep elf zephyrmancers
  3 orc knights
  5 orc sorcerers (Orc:2)
  A manticore (D:12)
  A shining eye (Depths:1)
  2 will-o-the-wisps
  4 cyclopes
  A moth of wrath (Spider:2)
  Maurice (D:8)
  An ice statue (D:14)
  3 torpor snails
  A vault sentinel (Vaults:1)
  4 black mambas
  2 eyes of devastation (Depths:1)
  A gargoyle (D:11)
  2 unseen horrors
  An apocalypse crab (Gauntlet)
  6 komodo dragons
  6 cane toads
  3 demonic crawlers
  A rime drake (Lair:1)
  2 freezing wraiths (IceCv)
  5 tengu conjurers
  3 golden dragon simulacra (IceCv)
  5 yaktaurs (Vaults:1)
  3 trolls
  A wolf spider simulacrum (D:15)
  2 bloated husks
  A wind drake (shapeshifter) (Elf:3)
  3 tarantellas
  A tyrant leech (Swamp:3)
  3 polar bears
  Grinder (D:6)
  6 dream sheep (Lair:5)
  7 blink frogs (Lair:5)
  A frost giant simulacrum (Depths:1)
  11 slime creatures
  5 hornets
  A slime creature (shapeshifter) (Depths:2)
  A dream sheep (shapeshifter) (D:15)
  7 culicivoras
  2 shadows (D:10)
  A jumping spider (Spider:1)
  20 yaks
  A water elemental (Elf:1)
  3 wraiths (Lair:5)
  A yak (shapeshifter) (D:14)
  3 air elementals
  A nameless horror (D:10)
  2 large abominations (Elf:1)
  2 wyverns
  2 basilisks (Lair:5)
  A golden eye (Gauntlet)
  4 redbacks
  A hog (Swamp:1)
  8 vampire mosquitoes
  Menkaure (D:6)
  A warg (Orc:2)
  2 harpy simulacra (IceCv)
  13 swamp worms
  Edmund (D:4)
  A floating eye (Depths:1)
  10 water moccasins
  2 hydra simulacra (IceCv)
  4 swamp drakes
  25 orc warriors
  An ice beast (D:8)
  A black bear (D:5)
  2 alligator simulacra (IceCv)
  6 ettin simulacra
  6 ogres
  5 centaurs
  22 wolves
  2 phantoms (D:5)
  3 bullfrogs
  4 kobold brigands
  2 elf zombies (Elf:1)
  3 earth elementals
  2 necrophages
  A scorpion (D:7)
  2 wights (D:10)
  A lindwurm simulacrum (IceCv)
  5 killer bees
  2 howler monkeys
  6 electric eels
  9 hounds
  29 orc priests
  A jelly (D:5)
  6 iguanas
  Natasha (twice) (D:2)
  2 orc wizards
  2 hell rats (Lair:5)
  6 adders
  11 gnolls
  4 river rats (Lair:5)
  2 shadow imps
  A white imp (D:6)
  2 ufetubi
  An adder skeleton (D:2)
  A dart slug (D:2)
  60 orcs
  3 bats (D:1)
  3 endoplasms
  A giant cockroach (D:1)
  A goblin (D:4)
  A hobgoblin (D:4)
  4 jackals
  A quokka (D:1)
  6 ball pythons
  A ball python skeleton (D:2)
  A ball python zombie (D:2)
  A bat simulacrum (D:2)
  2 frilled lizards (D:1)
  24 kobolds
  A quokka simulacrum (D:2)
  3 rats
  A lurking horror (Lair:1)
669 creatures vanquished.

Vanquished Creatures (collateral kills)
  Jorgrun (Spider:2)
  The ghost of Timpihef the Spry, an adept OpAK of Lugonu (Elf:1)
  Kirke (Swamp:1)
  A frost giant (Depths:1)
  3 deep elf sorcerers (Elf:3)
  A ghoul (Swamp:4)
  Louise (Swamp:2)
  A stone giant (D:15)
  A juggernaut skeleton (Depths:1)
  4 very ugly things
  3 deep elf annihilators (Elf:3)
  An entropy weaver (Spider:2)
  A spark wasp (Spider:2)
  A bunyip (Swamp:4)
  A minotaur (Gauntlet)
  An eleionoma (Swamp:2)
  A fire dragon (Depths:2)
  4 deep elf death magi
  Josephine (Lair:4)
  A yaktaur captain (Vaults:1)
  4 hydras
  2 ice dragons
  2 great orbs of eyes (Depths:2)
  3 deep elf high priests (Elf:3)
  2 rakshasas (Depths:2)
  A boulder beetle (D:10)
  2 demonspawn (Orc:2)
  A radroach (Spider:2)
  A ghost crab (Swamp:2)
  2 centaur warriors
  8 dancing weapons
  2 death yaks (Lair:5)
  4 alligators
  2 orc high priests (Orc:2)
  A soul eater (Orc:2)
  A hell knight (Depths:2)
  A deep elf knight (Elf:1)
  A skeletal warrior (D:14)
  A steelbarb worm (Spider:1)
  A deep troll (Depths:2)
  An orb spider (Spider:2)
  A death drake (shapeshifter) (D:13)
  4 goliath frogs
  3 deep elf archers (Elf:1)
  2 bog bodies
  3 swamp dragons (Swamp:4)
  6 deep elf pyromancers
  5 orc knights
  3 wizards
  4 necromancers
  An orc sorcerer (D:15)
  7 deep elf zephyrmancers
  10 ugly things
  2 cyclopes (D:15)
  A manticore (D:13)
  A vault sentinel (Vaults:1)
  5 elephants (Lair:3)
  2 black mambas
  A tengu skeleton (Depths:1)
  2 rust devils (Orc:2)
  A torpor snail (Spider:2)
  A cane toad (Lair:5)
  Joseph (D:10)
  3 rime drakes
  2 yaktaurs (Vaults:1)
  A freezing wraith (IceCv)
  3 komodo dragons
  An anaconda simulacrum (IceCv)
  3 tengu conjurers (Depths:2)
  3 large abominations (Elf:1)
  2 hornets (Swamp:3)
  2 trolls (D:11)
  5 tyrant leeches
  8 slime creatures
  8 blink frogs (Lair:5)
  2 dream sheep (Lair:5)
  A jumping spider (Spider:1)
  3 culicivoras
  2 vampires
  A shadow (D:11)
  3 spriggans
  3 wraiths
  A water elemental (Elf:2)
  16 yaks
  A wyvern (Lair:5)
  Grum (D:9)
  A basilisk (Lair:3)
  A fire elemental (Lair:2)
  3 hogs (Swamp:1)
  A redback (Spider:2)
  6 vampire mosquitoes
  A steam dragon (D:8)
  4 swamp worms
  An acid dragon (D:12)
  2 water moccasins
  A nameless horror (Lair:5)
  15 orc warriors
  A sky beast (D:8)
  A swamp drake (Swamp:4)
  An ice beast (D:6)
  2 ogres (Orc:1)
  An ettin simulacrum (Depths:1)
  5 centaurs
  19 wolves
  6 bullfrogs
  2 elf zombies (Elf:1)
  A kobold brigand (D:7)
  An earth elemental (Elf:3)
  3 wights (D:10)
  2 killer bees
  An electric eel (Lair:2)
  A howler monkey (D:8)
  3 orc priests
  3 jellies
  A hound (D:11)
  2 orc wizards
  A gnoll (D:7)
  5 river rats (Lair:5)
  An ufetubus (D:6)
  33 orcs
  2 endoplasms (Lair:4)
  3 jackals (D:5)
  3 kobolds
  A rat (Lair:5)
355 creatures vanquished.

Vanquished Creatures (others)
  2 spriggans (Swamp:2)
  A swamp dragon (Swamp:4)
  A wizard (Depths:2)
  An orc knight (Orc:2)
  A bloated husk (Swamp:2)
  2 hornets (Swamp:2)
  A culicivora (Lair:2)
  2 redbacks (Spider:1)
  A swamp drake (Swamp:4)
  3 wolves (Lair:3)
  An ancestor (D:8)
  38 battlemagi
  A quokka zombie (D:2)
  2 foxfires (Swamp:3)
  24 fungi
  51 plants
  13 withered plants (D:2)
145 creatures vanquished.

Grand Total: 1169 creatures vanquished

Notes
Turn   | Place    | Note
-------+----------+-------------------------------------------
     0 | D:1      | Lutefisk the Meteoran Earth Elementalist began the quest
                  | for the Orb.
     0 | D:1      | Reached XP level 1. HP: 14/14 MP: 5/5
    55 | D:1      | Reached XP level 2. HP: 18/22 MP: 0/6
    63 | D:1      | Reached skill level 1 in Fighting
    88 | D:1      | Reached skill level 4 in Earth Magic
   180 | D:1      | Found a faded altar of an unknown god.
   238 | D:1      | Reached XP level 3. HP: 29/29 MP: 5/8
   288 | D:2      | Learned a level 2 spell: Passwall
   325 | D:2      | Noticed Natasha
   326 | D:2      | Found the +4 dagger "Morg" {pain, Will+ Int+5}
   342 | D:2      | Killed Natasha
   343 | D:2      | Reached XP level 4. HP: 29/37 MP: 5/9
   687 | D:2      | Noticed Natasha
   695 | D:2      | Killed Natasha
   696 | D:2      | Reached XP level 5. HP: 35/45 MP: 6/10
  1038 | D:3      | Reached skill level 5 in Earth Magic
  1081 | D:4      | Reached XP level 6. HP: 51/51 MP: 7/11
  1083 | D:4      | Noticed Edmund
  1084 | D:4      | Reached skill level 6 in Earth Magic
  1101 | D:4      | Killed Edmund
  1102 | D:4      | Reached skill level 1 in Armour
  1125 | D:4      | Reached XP level 7. HP: 58/58 MP: 11/13
  1129 | D:4      | Found a staircase to the Ecumenical Temple.
  1135 | Temple   | Entered the Ecumenical Temple
  1138 | Temple   | Became a worshipper of Hepliaklqana the Forgotten
  1332 | D:3      | Reached skill level 5 in Fighting
  1341 | D:3      | Learned a level 3 spell: Stone Arrow
  1445 | D:4      | Found a shimmering altar of Xom.
  1489 | D:5      | Entered Level 5 of the Dungeon
  1513 | D:5      | You fall into a shaft and drop 2 floors!
  1515 | D:6      | Found a sparkling altar of Nemelex Xobeh.
  1521 | D:6      | Reached skill level 5 in Spellcasting
  1521 | D:6      | Reached XP level 8. HP: 68/68 MP: 13/16
  1588 | D:5      | Reached * piety under Hepliaklqana
  1597 | D:5      | Reached skill level 7 in Earth Magic
  1721 | D:5      | Reached skill level 8 in Earth Magic
  1782 | D:6      | Gained mutation: You passively map the area around you.
                  | [Meteoran growth]
  1782 | D:6      | Reached XP level 9. HP: 58/67 MP: 9/17
  1814 | D:6      | Learned a level 4 spell: Summon Lightning Spire
  1837 | D:6      | Noticed Menkaure
  1840 | D:6      | Killed Menkaure
  1841 | D:6      | Reached skill level 1 in Summonings
  1841 | D:6      | Reached skill level 1 in Air Magic
  1843 | D:6      | Found a radiant altar of Vehumet.
  1940 | D:6      | Noticed Grinder
  1954 | D:6      | Killed Grinder
  1955 | D:6      | Reached skill level 5 in Dodging
  2089 | D:8      | Reached skill level 1 in Invocations
  2089 | D:8      | Reached skill level 1 in Evocations
  2141 | D:7      | Noticed a hornet
  2145 | D:7      | Killed a hornet
  2195 | D:8      | Reached XP level 10. HP: 74/74 MP: 18/20
  2195 | D:8      | Noticed a two-headed ogre
  2204 | D:8      | Killed a two-headed ogre
  2205 | D:8      | Reached skill level 10 in Earth Magic
  2327 | D:8      | Noticed Maurice
  2331 | D:8      | Reached skill level 5 in Armour
  2333 | D:8      | Killed Maurice
  2413 | D:7      | Reached ** piety under Hepliaklqana
  2414 | D:7      | Remembered your ancestor Henutmehyt as a battlemage
  2583 | D:8      | Reached XP level 11. HP: 81/84 MP: 17/22
  2611 | D:8      | Found a snail-covered altar of Cheibriados.
  2640 | D:8      | Found a broken altar of Ashenzari.
  2699 | D:9      | Noticed Grum
  2702 | D:9      | Killed Grum
  3033 | D:9      | Found Gutsul's Antique Armour Emporium.
  3040 | D:9      | Reached skill level 10 in Spellcasting
  3077 | D:10     | Entered Level 10 of the Dungeon
  3191 | D:10     | Reached *** piety under Hepliaklqana
  3282 | D:10     | Noticed a boulder beetle
  3294 | D:10     | Killed a boulder beetle
  3306 | D:10     | Noticed Joseph
  3312 | D:10     | Killed Joseph
  3346 | D:10     | Noticed an orc knight
  3348 | D:10     | Reached skill level 10 in Fighting
  3460 | D:10     | Reached XP level 12. HP: 19/95 MP: 2/27
  3557 | D:11     | Noticed a two-headed ogre
  3563 | D:11     | Killed a two-headed ogre
  3564 | D:11     | Reached skill level 1 in Conjurations
  3657 | D:11     | Found a staircase to the Lair.
  3722 | D:11     | Noticed a two-headed ogre
  3728 | D:11     | Killed a two-headed ogre
  3735 | Lair:1   | Entered Level 1 of the Lair of Beasts
  3754 | Lair:1   | Found a corrupted altar of Lugonu.
  3760 | Lair:1   | Found a one-way gate to the infinite horrors of the Abyss.
  3842 | Lair:1   | Reached **** piety under Hepliaklqana
  3896 | Lair:1   | Reached skill level 5 in Invocations
  3962 | Lair:1   | Noticed a six-headed hydra
  3966 | Lair:1   | Killed a six-headed hydra
  4021 | Lair:2   | Noticed an eight-headed hydra
  4025 | Lair:2   | Killed an eight-headed hydra
  4106 | Lair:2   | Reached XP level 13. HP: 72/101 MP: 10/28
  4109 | Lair:2   | Reached skill level 10 in Armour
  4109 | Lair:2   | Reached skill level 10 in Dodging
  4112 | Lair:2   | Found a hole to the Spider Nest.
  4324 | Lair:2   | Reached ***** piety under Hepliaklqana
  4729 | Lair:4   | Found a runed translucent door.
  4730 | Lair:4   | Found a viscous altar of Jiyva.
  4732 | Lair:4   | Found a staircase to the Slime Pits.
  4790 | Lair:5   | Entered Level 5 of the Lair of Beasts
  4806 | Lair:5   | Noticed Josephine
  4833 | Lair:4   | Killed Josephine
  4834 | Lair:4   | Reached XP level 14. HP: 59/108 MP: 1/31
  4928 | Lair:5   | Found a hide-covered altar of Uskayaw.
  5000 | Lair:5   | Noticed a dire elephant
  5068 | Lair:5   | Reached skill level 5 in Evocations
  5121 | Lair:5   | Identified the +8 dagger of Foceem {vorpal, rN+}
  5671 | Lair:5   | Learned a level 5 spell: Lee's Rapid Deconstruction
  5760 | Lair:2   | Found a staircase to the Swamp.
  5788 | Swamp:1  | Entered Level 1 of the Swamp
  5857 | Swamp:1  | Found a blossoming altar of Fedhas.
  5881 | Swamp:1  | Learned a level 4 spell: Petrify
  5925 | Swamp:1  | Found a transporter.
  5929 | Swamp:1  | Found a transporter.
  5929 | Swamp:1  | Noticed Anandil's ghost (journeyman DrMo)
  5930 | Swamp:1  | Noticed a bunyip
  5945 | Swamp:2  | Noticed an eleionoma
  5961 | Swamp:2  | Killed an eleionoma
  5962 | Swamp:2  | Reached XP level 15. HP: 45/118 MP: 4/34
  5982 | Swamp:2  | Found a runed translucent gate.
  5983 | Swamp:2  | Found a runed translucent gate.
  5998 | Swamp:2  | Reached skill level 5 in Conjurations
  6097 | Swamp:2  | Noticed Louise
  6102 | Swamp:2  | Killed Louise
  6162 | Swamp:2  | Found a runed translucent gate.
  6164 | Swamp:2  | Noticed Lutefisk's ghost (journeyman MeEE)
  6184 | Swamp:3  | Reached skill level 1 in Shields
  6209 | Swamp:4  | Entered Level 4 of the Swamp
  6282 | Swamp:4  | Reached skill level 5 in Shields
  6365 | Swamp:4  | Noticed the 27-headed Lernaean hydra
  6372 | Swamp:4  | Killed the 27-headed Lernaean hydra
  6387 | Swamp:4  | Reached XP level 16. HP: 83/125 MP: 0/35
  6421 | Swamp:4  | Reached skill level 10 in Shields
  6445 | Swamp:4  | Got a decaying rune of Zot
  6558 | Swamp:4  | Noticed a fenstrider witch
  6565 | Swamp:4  | Killed a fenstrider witch
  6592 | Swamp:4  | Noticed a ghoul
  6593 | Swamp:4  | Noticed a ghoul
  6600 | Swamp:4  | Killed a ghoul
  6607 | Swamp:4  | Killed a ghoul
  6900 | Swamp:2  | Killed Lutefisk's ghost
  7011 | Swamp:1  | Noticed a tentacled monstrosity
  7012 | Swamp:1  | Noticed a ghoul
  7013 | Swamp:1  | Noticed a ghoul
  7027 | Swamp:1  | Noticed Kirke
  7040 | Swamp:1  | Killed Kirke
  7171 | Swamp:1  | Learned a level 4 spell: Flame Wave
  7202 | Spider:1 | Entered Level 1 of the Spider Nest
  7227 | Spider:1 | Reached skill level 1 in Fire Magic
  7301 | Spider:1 | Reached skill level 15 in Spellcasting
  7350 | Spider:1 | You fall into a shaft and drop 1 floor!
  7407 | Spider:2 | Reached XP level 17. HP: 77/131 MP: 28/37
  7444 | Spider:2 | Noticed Jorgrun
  7454 | Spider:2 | Killed Jorgrun
  7792 | D:12     | Reached skill level 15 in Shields
  8237 | D:14     | Found a white marble altar of Elyvilon.
  8304 | D:14     | Found a frozen archway.
  8321 | IceCv    | Entered an ice cave
  8399 | IceCv    | Reached skill level 15 in Armour
  8754 | D:15     | Entered Level 15 of the Dungeon
  9029 | D:15     | Gained mutation: You passively map a large area around you.
                  | [Meteoran growth]
  9029 | D:15     | Reached XP level 18. HP: 138/138 MP: 27/38
  9064 | D:15     | Found a staircase to the Depths.
  9271 | D:13     | Noticed Erolcha
  9275 | D:13     | Killed Erolcha
  9277 | D:13     | Reached skill level 15 in Dodging
  9290 | D:13     | Found a gate to the Vaults.
  9312 | Vaults:1 | Entered Level 1 of the Vaults
  9417 | Vaults:1 | You fall into a shaft and drop 1 floor!
  9453 | Vaults:1 | Reached ****** piety under Hepliaklqana
  9575 | Vaults:1 | Reached skill level 5 in Fire Magic
  9575 | Vaults:1 | Reached skill level 10 in Invocations
  9908 | D:10     | Found a staircase to the Orcish Mines.
  9921 | Orc:1    | Entered Level 1 of the Orcish Mines
  9921 | Orc:1    | Found Teacw's Vocational Training.
  9963 | Orc:1    | Found a transporter.
  9969 | Orc:1    | Found a transporter.
  9973 | Orc:1    | Found an ornate altar of the Wu Jian Council.
  9974 | Orc:1    | Found a transporter.
  9978 | Orc:1    | Found Vezodaw's Antique Armour Emporium.
 10012 | Orc:1    | You fall into a shaft and drop 1 floor!
 10012 | Orc:2    | Entered Level 2 of the Orcish Mines
 10012 | Orc:2    | Found Caeg's General Store.
 10024 | Orc:2    | Found Ceupokesm's Magic Scroll Emporium.
 10113 | Orc:2    | Found Xusy's Weapon Shoppe.
 10118 | Orc:2    | Found a gate leading to a gauntlet.
 10131 | Gauntlet | Entered a Gauntlet
 10131 | Gauntlet | Found a transporter.
 10131 | Gauntlet | Found a transporter.
 10131 | Gauntlet | Found a transporter.
 10132 | Gauntlet | Found a transporter.
 10135 | Gauntlet | Found a transporter.
 10136 | Gauntlet | Found a transporter.
 10142 | Gauntlet | Found a transporter.
 10144 | Gauntlet | Found a transporter.
 10145 | Gauntlet | Found a transporter.
 10147 | Gauntlet | Found a transporter.
 10155 | Gauntlet | Found a transporter.
 10155 | Gauntlet | Found a transporter.
 10355 | Gauntlet | Identified the ring "Niok" {rC+ Str+3}
 10405 | Gauntlet | Identified the +1 spear of Luxury {vorpal, Fly MP+9 Str-5
                  | Dex+8}
 10570 | Orc:1    | Noticed Harold
 10577 | Orc:1    | Killed Harold
 10648 | Orc:2    | Paralysed by an orc sorcerer for 3 turns
 10671 | Orc:2    | Found a staircase to the Elven Halls.
 10738 | Orc:2    | Found Igemneyr's Antique Weapon Boutique.
 10738 | Orc:2    | Found Rock's Jewellery Shop.
 10738 | Orc:2    | Found a one-way gate leading to the halls of Pandemonium.
 10742 | Orc:2    | Bought an amulet of magic regeneration for 360 gold pieces
 10787 | Orc:2    | Bought 3 scrolls of blinking for 270 gold pieces
 10787 | Orc:2    | Bought a scroll of identify for 24 gold pieces
 10787 | Orc:2    | Bought a scroll of acquirement for 624 gold pieces
 10788 | Orc:2    | Acquired the +5 pair of boots "Jullumm" {rC+ rN+ Int-5}
 10803 | Orc:2    | Bought a potion of magic for 120 gold pieces
 10803 | Orc:2    | Acquired the Discourse on Damaging Clay
 10865 | Elf:1    | Entered Level 1 of the Elven Halls
 10865 | Elf:1    | Found a runed translucent gate.
 10865 | Elf:1    | Found a runed translucent gate.
 10865 | Elf:1    | Found a runed translucent gate.
 10865 | Elf:1    | Found a runed translucent gate.
 10865 | Elf:1    | Found a runed translucent gate.
 10865 | Elf:1    | Found a runed translucent gate.
 10866 | Elf:1    | Found a runed translucent door.
 10896 | Elf:1    | Reached XP level 19. HP: 57/144 MP: 10/40
 10996 | Elf:1    | Reached skill level 11 in Earth Magic
 11003 | Elf:1    | Reached skill level 10 in Conjurations
 11010 | Elf:2    | Noticed Roxanne
 11014 | Elf:2    | Paralysed by an air elemental for 1 turns
 11017 | Elf:2    | Killed Roxanne
 11077 | Elf:2    | Reached skill level 12 in Earth Magic
 11122 | Elf:3    | Entered Level 3 of the Elven Halls
 11122 | Elf:3    | Found Duig's Jewellery Emporium.
 11129 | Elf:3    | Found Oxkatt's Jewellery Shoppe.
 11129 | Elf:3    | Found Bumeu's Jewellery Emporium.
 11136 | Elf:3    | Found Zuerghi's General Store.
 11188 | Elf:3    | Found a flickering gateway to a bazaar.
 11195 | Bazaar   | Entered a bazaar
 11198 | Bazaar   | Found Joiqen's General Store.
 11211 | Bazaar   | Found Saorchet's Jewellery Boutique.
 11230 | Bazaar   | Found Ugoabaur's Antique Armour Shop.
 11246 | Bazaar   | Found Fohuggio's Antique Weapon Shop.
 11263 | Bazaar   | Bought an embroidered scarf for 192 gold pieces
 11294 | Bazaar   | Learned a level 3 spell: Mephitic Cloud
 11303 | Bazaar   | Learned a level 8 spell: Lehudib's Crystal Spear
 11313 | Bazaar   | Learned a level 9 spell: Shatter
 11371 | Elf:3    | Reached skill level 13 in Earth Magic
 11382 | Elf:3    | Noticed a deep elf master archer
 11386 | Elf:3    | Noticed a deep elf master archer
 11396 | Elf:3    | Killed a deep elf master archer
 11399 | Elf:3    | Killed a deep elf master archer
 11402 | Elf:3    | Noticed a deep elf blademaster
 11406 | Elf:3    | Reached skill level 14 in Earth Magic
 11413 | Elf:3    | Killed a deep elf blademaster
 11450 | Elf:3    | Reached skill level 15 in Earth Magic
 11528 | Elf:3    | Identified the +3 battleaxe of the Establishment {elec,
                  | rN++ rCorr Stlth+}
 11528 | Elf:3    | Identified the amulet "Dajaem" {RegenMP rC+ Stlth+}
 11534 | Elf:3    | Identified the ring "Rekaome" {Wiz Str+4}
 11547 | Elf:3    | Identified the +2 dagger "Lalil" {vorpal, SInv}
 11549 | Elf:3    | Identified the +6 spear of the Burning Saviour {vorpal,
                  | *Rage rPois rCorr Int+7}
 11621 | Elf:3    | Reached XP level 20. HP: 151/151 MP: 27/41
 11641 | Elf:3    | Identified the +7 longbow "Ycsuw" {flame, rN+ Stlth+}
 11751 | Elf:2    | Reached skill level 16 in Earth Magic
 11873 | Elf:1    | Got the Vademecum on Unhallowed Mysteries
 11893 | Elf:1    | Learned a level 5 spell: Iskenderun's Battlesphere
 11908 | Elf:1    | Acquired 519 gold pieces
 11917 | Elf:1    | Found a runed translucent door.
 11917 | Elf:1    | Noticed Timpihef's ghost (adept OpAK)
 11926 | Elf:1    | Killed Timpihef's ghost
 11929 | Elf:1    | Identified the +7 bardiche of Blood-Lust {flame, Contam
                  | Int+5}
 11955 | Elf:1    | Found a runed translucent door.
 12310 | D:12     | Reached skill level 17 in Earth Magic
 12401 | Depths:1 | Entered Level 1 of the Depths
 12401 | Depths:1 | Found a one-way gateway to a ziggurat.
 12405 | Depths:1 | Paralysed by a floating eye for 2 turns
 12517 | Depths:1 | Reached skill level 18 in Earth Magic
 12554 | Depths:1 | Noticed a walking crystal tome
 12635 | Depths:2 | Reached skill level 19 in Earth Magic
 12668 | Depths:2 | Found a gateway to Hell.
 12808 | Depths:2 | Reached XP level 21. HP: 62/156 MP: 3/42
 12860 | Depths:2 | Reached skill level 20 in Earth Magic
 12870 | Depths:2 | Killed from afar by a quicksilver dragon

Illustrated notes

Levels and vault maps discovered:
D:1:      lemuel_arrival_hallway, layout_basic, shapermc_ecumenical_altar_petra,
          minmay_three_crescents
D:2:      layout_basic, dilly_guarded_unrand_morg
D:3:      layout_basic, nicolae_kite_square_tiling_tiny, kennysheep_minor_cross
D:4:      layout_basic, mainiacjoe_overflow_alcove_2,
          minmay_temple_entry_arrows, uniq_edmund
D:5:      layout_basic
D:6:      layout_rooms, overflow_temple_1_default, lemuel_crystal_altar,
          serial_bayou_ford_a, uniq_menkaure, uniq_grinder
D:7:      layout_basic
D:8:      layout_cave_pools, lemuel_doored_altar, nrook_mini_backslash,
          minmay_ruined_shrine, uniq_maurice
D:9:      layout_roguey [special_room_orc], serial_shops, nicolae_shop_trees,
          kennysheep_generic_room_2, uniq_grum
D:10:     layout_roguey, david_orc_5, hangedman_decor_push, serial_bayou_pond_c,
          uniq_joseph
D:11:     layout_cave_pools, erik_lair_island
D:12:     layout_long_grid, drop_trap, hellmonk_guarded_unrand_dark_maul
D:13:     layout_layer_cave, david_vaults_4, kennysheep_just_a_vault,
          uniq_erolcha
D:14:     layout_rooms, portal_ice_cave_entry_ice_statue_one, elyvilon_altar_1
D:15:     gammafunk_enter_depths_forms, layout_irregular_city
Temple:   dpeg_three_leaves_temple
Lair:1:   dpeg_oklob_gauntlet, layout_regular_city,
          amcnicky_altar_lugonu_corruption
Lair:2:   layout_gridlike, minmay_swamp_entry_swarm,
          hellmonk_spider_entry_life_and_decay, lemuel_fruit_fields
Lair:3:   layout_cave_pods, grunt_forest_large_clearings
Lair:4:   layout_cave_pods, slime_entry_2
Lair:5:   hangedman_lair_in_review, layout_regular_city, basic_altar,
          serial_bayou_pond_a, kennysheep_rathole, uniq_josephine
Swamp:1:  layout_basic_swamp, gammafunk_ghost_arena, nicolae_swamp_godswood,
          swamp_pool4, infiniplex_staircase_pool, uniq_kirke
Swamp:2:  layout_basic_swamp, gammafunk_ghost_hydra_chop,
          nicolae_swamp_tree_isthmus, uniq_louise
Swamp:3:  layout_basic_swamp, nicolae_swamp_round_clearing, swamp_pool1
Swamp:4:  swamp_old_school, layout_basic_swamp
Spider:1: nicolae_spider_hilbert_zone_3 [nicolae_spider_hilbert_4_sides_2_open,
          nicolae_spider_hilbert_3_sides_1_open,
          nicolae_spider_hilbert_3_sides_1_open,
          nicolae_spider_hilbert_3_sides_1_open,
          nicolae_spider_hilbert_3_sides_1_open,
          nicolae_spider_hilbert_4_sides_1_open,
          nicolae_spider_hilbert_4_sides_1_open,
          nicolae_spider_hilbert_4_sides_1_open,
          nicolae_spider_hilbert_4_sides_1_open,
          nicolae_spider_hilbert_4_sides_1_open,
          nicolae_spider_hilbert_4_sides_1_open,
          nicolae_spider_hilbert_4_sides_1_open,
          nicolae_spider_hilbert_4_sides_1_open,
          nicolae_spider_hilbert_3_sides_1_open,
          nicolae_spider_hilbert_3_sides_1_open,
          nicolae_spider_hilbert_3_sides_1_open,
          nicolae_spider_hilbert_3_sides_1_open], nicolae_spider_claw_tunnel
Spider:2: nicolae_spider_hall_of_the_moth_king, uniq_jorgrun
Orc:1:    dreamdust_wu_jian_sword_trials, layout_caves, serial_shops,
          nicolae_shop_trees, nicolae_shop_vocational, uniq_harold
Orc:2:    pf_orc_diabolical, layout_caves, gauntlet_entry_generic, serial_shops,
          shop, mines4_lemuel
Elf:1:    nicolae_elf_arrival_dilemma, layout_loops_ring, gammafunk_ghost_grave,
          minmay_elf_necromancy
Elf:2:    elven_hall_of_blades_hangedman_original [nicolae_blade_tridents],
          layout_rooms, uniq_roxanne, uniq_asterion
Elf:3:    minmay_elf_hall_dome, layout_onion_city, serial_shops,
          bzr_in_the_mist, minmay_shoptagon
Vaults:1: nicolae_vaults_ring_of_whatevers,
          nicolae_vaults_windows_and_doors_thing, ontoclasm_vaults_twist,
          v_misc_11, nicolae_vaults_diagonal_hallway_7, vaults_room_large_hall,
          nicolae_vaults_little_squares_3, v_pattern_5,
          vaults_mumra_minichess_inversion, nicolae_vaults_specimen_jars,
          layout_vaults_chaotic_city, serial_shops, nicolae_lakefront_shop,
          uniq_aizul
Vaults:2: ontoclasm_vaults_gallery, minmay_crypt_entry_simple_round,
          hangedman_vaults_stitches, v_misc_29, vaults_mumra_hexcomb,
          nicolae_vaults_network_barrier, v_rooms_2, ontoclasm_vaults_ligature,
          vaults_room_ringed_pool, hangedman_vaults_cutoff,
          grunt_vaults_diagonal, layout_vaults_omnibox
Depths:1: layout_cave_shapes, enter_ziggurat_d, hell_entry, solitary_fountain,
          abyss_entry, minmay_pinched_square
Depths:2: hangedman_pleasuredromes, hell_entry, pan_entry

Skill      XL: |  1  2  3  4  5  6  7  8  9 10 11 12 13 14 15 16 17 18 19 20 21 |
---------------+----------------------------------------------------------------+-----
Fighting       | 2 3 5 6 8 10 12 | 12.0
Earth Magic    | 4 5 6 8 10 15 19 20 | 20.0
Spellcasting   | 3 5 6 10 12 14 15 16 | 16.0
Transmutations | 2 |  2.0
Armour         | 2 4 5 6 9 12 13 15 | 15.0
Dodging        | 3 5 6 7 9 12 13 15 | 15.0
Summonings     | 3 4 |  4.0
Air Magic      | 3 4 |  4.0
Invocations    | 2 3 6 9 10 | 10.0
Evocations     | 2 3 6 |  6.0
Conjurations   | 2 4 5 6 9 10 | 10.0
Shields        | 9 13 15 | 15.0
Fire Magic     | 4 7 |  7.0
Stealth        | |  1.4

Action                   |  1- 3 |  4- 6 |  7- 9 | 10-12 | 13-15 | 16-18 | 19-21 || total
-------------------------+-------+-------+-------+-------+-------+-------+-------++-------
Melee: Unarmed           |     4 |       |       |       |       |       |       ||     4
       Dagger            |       |    18 |     5 |    34 |     9 |    14 |       ||    80
       Short sword       |       |     1 |       |       |       |       |       ||     1
       Punch             |       |       |       |     1 |       |       |       ||     1
       Staff             |       |       |       |       |       |    20 |     3 ||    23
Throw: Dart              |       |       |       |     2 |       |     6 |     2 ||    10
       Throwing net      |       |       |       |       |       |     7 |       ||     7
 Cast: Sandblast         |    29 |    32 |    97 |    98 |   126 |   140 |    97 ||   619
       Passwall          |       |    19 |    10 |     8 |    14 |    14 |     3 ||    68
       Stone Arrow       |       |       |    13 |   108 |   198 |   256 |   101 ||   676
       Summon Lightning  |       |       |       |    11 |    24 |     6 |     2 ||    43
       Lee's Rapid Decon |       |       |       |       |     5 |    87 |    97 ||   189
       Flame Wave        |       |       |       |       |       |    43 |    12 ||    55
       Petrify           |       |       |       |       |       |     2 |       ||     2
       Iskenderun's Batt |       |       |       |       |       |       |     4 ||     4
Invok: Recall Ancestor   |       |       |     3 |     4 |    11 |    11 |     8 ||    37
       Ancestor Life: Ba |       |       |       |     1 |       |       |       ||     1
       Idealise          |       |       |       |       |     6 |     4 |     5 ||    15
Evoke: Wand              |       |     5 |       |     3 |    17 |    17 |     2 ||    44
       Box of beasts     |       |       |       |       |       |       |     1 ||     1
  Use: Potion            |       |       |       |     7 |       |     8 |     2 ||    17
       Scroll            |       |       |       |    14 |     6 |    15 |    10 ||    45
Armor: Robe              |    15 |    13 |    23 |    16 |       |       |       ||    67
       Ring mail         |       |       |       |    91 |   126 |    25 |       ||   242
       Scale mail        |       |       |       |       |    49 |   272 |       ||   321
       Pearl dragon scal |       |       |       |       |       |    40 |   103 ||   143
Dodge: Dodged            |    26 |    24 |    46 |   129 |   210 |   233 |    64 ||   732
Block: Tower shield      |       |       |       |       |       |   323 |   162 ||   485
       Buckler           |       |       |       |       |       |       |    24 ||    24
